 Dungeon Crawl Stone Soup version 0.28-a0-1629-gf728b707aa (webtiles) character file.

Game seed: 4517452486758113411

222 avis the Chopper (level 5, -16/50 HPs)
             Began as a Hill Orc Monk on Jan 25, 2022.
             Was a Believer of Beogh.
             Demolished by an orc warrior (23 damage)
             ... on level 4 of the Dungeon.
             The game lasted 00:18:59 (4366 turns).

avis the Chopper (Hill Orc Monk)                    Turns: 4366, Time: 00:19:02

Health: -16/50     AC:  8    Str: 16    XL:     5   Next: 99%
Magic:  4/5        EV:  7    Int: 10    God:    Beogh [**....]
Gold:   154        SH: 10    Dex: 13    Spells: 4/4 levels left

rFire   . . .      SeeInvis .   a - +0 hand axe
rCold   . . .      Faith    .   u - +0 tower shield
rNeg    . . .      Spirit   .   D - +3 leather armour {Will+}
rPois   .          Reflect  .   y - +0 helmet
rElec   .          Harm     .   (no cloak)
rCorr   .          Rampage  .   (no gloves)
Will    +....                   r - +0 pair of boots
Stlth   ++........              (no amulet)
HPRegen 0.16/turn               (no ring)
MPRegen 0.09/turn               (no ring)

@: no status effects
A: no striking features
a: Renounce Religion, Smiting


You were on level 4 of the Dungeon.
You worshipped Beogh.
Beogh was pleased with you.
You visited 1 branch of the dungeon, and saw 5 of its levels.

You collected 154 gold pieces.

Inventory:

Hand Weapons
 a - a +0 hand axe (weapon)
 b - a +3 hunting sling
 c - a +0 spear
 w - a +2 long sword of holy wrath
 z - a +0 spear
 B - a +0 trident
 C - a +0 trident
Missiles
 e - 92 stones (quivered)
 i - 68 arrows
Armour
 j - a +0 buckler
 m - a +0 ring mail
 o - a +2 robe of willpower
 r - a +0 pair of boots (worn)
 u - a +0 tower shield (worn)
 v - a scarf of harm
 y - a +0 helmet (worn)
 A - a +0 chain mail
 D - a +3 leather armour of willpower (worn)
Magical Staves
 n - a staff of air
Scrolls
 d - 2 scrolls of magic mapping {unknown}
 f - 5 scrolls of identify {unknown}
 g - a scroll of immolation {unknown}
 h - a scroll of vulnerability {unknown}
 s - a scroll of teleportation {unknown}
Potions
 k - a potion of magic {unknown}
 l - a potion of haste {unknown}
 p - 2 potions of curing {unknown}
 q - a potion of brilliance {unknown}
 x - a potion of lignification {unknown}


   Skills:
 * Level 5.7 Fighting
 - Level 7.0 Axes
 - Level 2.4 Dodging
 - Level 1.5 Stealth


You had 4 spell levels left.
You didn't know any spells.
Your spell library contained the following spells:

 Spells                   Type           Power      Damage    Failure   Level
 Gell's Gravitas          Tloc           0%         N/A       100%        3
 Lesser Beckoning         Tloc           0%         N/A       100%        3
 Teleport Other           Tloc           0%         N/A       100%        3


Dungeon Overview and Level Annotations

Branches:
Dungeon (5/15)
 Temple: D:4-7

Altars:
Ashenzari
Dithmenos
Fedhas
Kikubaaqudgha
Makhleb
Wu Jian


Message History

The orc warrior is severely wounded.
The orc warrior hits you with a +0 halberd!
You barely miss the orc warrior.
The orc warrior is severely wounded.
The orc warrior hits you with a +0 halberd!
You block the orc warrior's attack.
You hit the orc warrior but do no damage.
The orc warrior is severely wounded.
The orc warrior hits you with a +0 halberd!
* * * LOW HITPOINT WARNING * * *
You hit the orc warrior.
The orc warrior is severely wounded.
You block the orc warrior's attack.
The orc warrior hits you with a +0 halberd.
* * * LOW HITPOINT WARNING * * *
Throw: throwing net
Press: ? - help, Q - select action, (/) - cycle Shift-Dir - straight line, f/p - orc warrior
Aim: an orc warrior, wielding a +0 halberd and wearing a +0 chain mail (severely wounded, 55% to hit)
You throw a throwing net. The throwing net hits the orc warrior.
The orc warrior is caught in the net!
The orc warrior is severely wounded.
The orc warrior struggles against the net.
You hit the orc warrior.
The orc warrior is almost dead.
The orc warrior struggles against the net.
You strike the helpless orc warrior from behind!
You hit the orc warrior but do no damage.
The orc warrior is almost dead.
The orc warrior struggles against the net. x2
You hit the orc warrior.
The orc warrior is almost dead.
The orc warrior struggles against the net.
You strike the helpless orc warrior from behind!
You hit the orc warrior but do no damage.
The orc warrior is almost dead.
The orc warrior struggles against the net.
The net rips apart, and the orc warrior comes free!
The orc warrior hits you with a +0 halberd!!
You die...
Beogh appreciates the orc warrior's killing of a heretic priest.

.....# #####.##
.....# #.......
.....# #.######
#.#..# #.# #.#..#
#.# #.#..# #.#
####<#..########.#
#..............#.#
#.####@#######...#
#. #...o8# #...# #
##.[.(.# #...#
##[.#.# #...######
#(...(. #.....[...
#.#$#.###.####.#.#
..!.# ##8.####...#
..##. #.#........#
..##..######.


You could see an orc warrior.

Vanquished Creatures
  A bullfrog skeleton (D:4)
  Jessica (D:2)
  An orc wizard (D:3)
  A hound skeleton (D:4)
  Robin (D:4)
  2 adders
  A worm (D:2)
  A dart slug (D:3)
  11 orcs
  5 bats
  7 endoplasms
  2 giant cockroaches
  5 goblins (D:4)
  10 hobgoblins
  10 kobolds
  5 quokkas
  11 ball pythons
  4 frilled lizards
  5 rats (D:1)
84 creatures vanquished.

Vanquished Creatures (others)
  An orc priest (D:4)
  An orc (D:4)
2 creatures vanquished.

Grand Total: 86 creatures vanquished

Notes
Turn   | Place    | Note
-------+----------+-------------------------------------------
     0 | D:1      | avis the Hill Orc Monk began the quest for the Orb.
     0 | D:1      | Reached XP level 1. HP: 19/19 MP: 1/1
   516 | D:1      | Found a faded altar of an unknown god.
   582 | D:1      | Reached XP level 2. HP: 25/27 MP: 2/2
   911 | D:1      | Reached skill level 5 in Axes
  1024 | D:1      | Reached XP level 3. HP: 33/33 MP: 3/3
  1363 | D:2      | Noticed Jessica
  1368 | D:2      | Killed Jessica
  1369 | D:2      | Reached skill level 5 in Fighting
  1490 | D:2      | Reached XP level 4. HP: 42/42 MP: 4/4
  1655 | D:2      | Found a burning altar of Makhleb.
  2085 | D:3      | Found a broken altar of Ashenzari.
  2127 | D:3      | Found a blossoming altar of Fedhas.
  2380 | D:3      | Found an ornate altar of the Wu Jian Council.
  2398 | D:3      | Reached skill level 6 in Axes
  2398 | D:3      | Reached XP level 5. HP: 48/48 MP: 5/5
  2735 | D:3      | Found a shadowy altar of Dithmenos.
  2816 | D:4      | Noticed an orc warrior
  2818 | D:4      | Became a worshipper of Beogh the Brigand
  2818 | D:4      | Reached * piety under Beogh
  2818 | D:4      | Reached ** piety under Beogh
  2953 | D:4      | Found an ancient bone altar of Kikubaaqudgha.
  3004 | D:4      | Reached skill level 7 in Axes
  3028 | D:4      | Noticed Robin
  3034 | D:4      | Killed Robin
  3083 | D:4      | You fall into a shaft and drop 1 floor!
  3083 | D:5      | Entered Level 5 of the Dungeon
  4366 | D:4      | Demolished by an orc warrior

Illustrated notes

Levels and vault maps discovered:
D:1:      lightli_arrival_lavapool, layout_basic,
          hellmonk_ecumenical_altar_inner_sanctum, minmay_pentomino_v4
D:2:      layout_rooms, basic_altar, chequers_serial_rivers_marsh, uniq_jessica
D:3:      layout_basic, mainiacjoe_overflow_surrounded_room,
          lemuel_coloured_pillars_altar, fedhas_altar_3, ashenzari_altar_1
D:4:      layout_loops_ring, okawaru_metal_pillars_1_2, general_overflow_altar,
          nicolae_tso_carved_into_rock, minivault_5, chequers_avenue,
          guppyfry_early_orc_mine, uniq_natasha, uniq_robin
D:5:      layout_gridville

Skill      XL: |  1  2  3  4  5 |
---------------+----------------+-----
Fighting       | 4 5 |  5.7
Axes           | 5 6 7 |  7.0
Dodging        | |  2.4
Stealth        | |  1.5

Action                   |  1- 3 |  4- 6 || total
-------------------------+-------+-------++-------
Melee: Hand axe          |    86 |    88 ||   174
       Punch             |     1 |       ||     1
 Fire: Hunting sling     |     9 |    79 ||    88
Throw: Throwing net      |       |     2 ||     2
Invok: Smiting           |       |     1 ||     1
       Convert to Beogh  |       |     1 ||     1
 Stab: Sleeping          |     4 |       ||     4
       Held in net/web   |       |     2 ||     2
Armor: Robe              |     8 |    28 ||    36
       Ring mail         |    10 |       ||    10
       Chain mail        |       |    16 ||    16
Dodge: Dodged            |    39 |    26 ||    65
Block: Buckler           |     3 |       ||     3
       Tower shield      |       |    48 ||    48

Table legend: (Time is in decaauts)
 A = Elapsed time spent in this place.
 B = Non-inter-level travel time spent in this place.
 C = Inter-level travel time spent in this place.
 D = Time resting spent in this place.
 E = Time spent auto-exploring this place.
 F = Levels seen in this place.
 G = Mean time per level.
                   A        B        C        D        E       F      G
               +--------+--------+--------+--------+--------+-----+--------+
         Total |   4449 |   4251 |    198 |   1937 |   1113 |   5 |  889.8 |
       Dungeon |   4449 |   4251 |    198 |   1937 |   1113 |   5 |  889.8 |
               +--------+--------+--------+--------+--------+-----+--------+

Top non-repeatable levels by time:
     D:3: 1826 daAuts
     D:1: 1231 daAuts
     D:2: 837 daAuts
     D:4: 448 daAuts
     D:5: 105 daAuts
